AoeStats
← flynorc

Arabian Desert

508736888Analyzed
1v1 RM · 7d ago on Sep 23, 2026· 43m 26s· 2 players
Game mode
Random Map
Map size
Tiny (2 player)
Population
200
Speed
Normal
Resources
Standard
Victory
Conquest
Starting age
Dark Age
Ending age
Imperial Age
RankedLock teamsTeams togetherTeam positionsShared explorationLock speedFull tech treeHidden civsTurbo modeCheats
Victory
Defeat
🇫🇷 Malians · France
1436
+16
🇦🇹 Celts · Austria
1430
-16
flynorc
7:24 Loom
9:35 Feudal Age
9:42 Man-at-Arms
10:29 Horse Collar
14:25 Padded Archer Armor
14:29 Fletching
21:30 Castle Age
22:51 Double-Bit Axe
24:04 Bow Saw
23:57 Gold Mining
24:17 Pikeman
25:16 Scale Mail Armor
26:00 Forging
34:49 Imperial Age
33:16 Wheelbarrow
33:19 Chain Mail Armor
34:56 Iron Casting
36:15 Ballistics
35:44 Halberdier
38:02 Masonry
43:01 Plate Mail Armor
43:07 Iron Casting
dariabirg
6:32 Loom
9:10 Feudal Age
9:49 Double-Bit Axe
13:14 Fletching
21:37 Castle Age
19:51 Horse Collar
20:21 Gold Mining
19:53 Man-at-Arms
21:44 Scale Barding Armor
21:51 Bloodlines
22:57 Bow Saw
28:44 Wheelbarrow
30:01 Chain Barding Armor
30:29 Forging
33:02 Scale Mail Armor
35:59 Imperial Age
33:45 Hand Cart
34:13 Iron Casting
34:37 Heavy Plow
34:25 Town Watch
35:11 Chain Mail Armor
34:57 Squires
38:17 Bodkin Arrow
38:59 Plate Barding Armor
38:20 Bodkin Arrow
38:47 Husbandry
38:08 Light Cavalry
39:12 Masonry
40:03 Chemistry
39:24 Ballistics
38:48 Man-at-Arms
40:01 Plate Mail Armor
39:41 Cavalier
40:39 Long Swordsman
Connection lost

Rejoining the realm…

Still unreachable

The connection could not be restored.

Session expired

The server has moved on; the page needs a fresh start.